Map: Ruins of Seras

Players

Morosgoványi

  • Race: Zerg Zerg
  • League: Diamond

Hindulaatti - Winner!

  • Race: Terran Terran
  • League: Diamond

VOD

Have the link to the VOD?

Description

Time

  • Played on: Feb. 7, 2016, 3:32 p.m.
  • Length: 19:08
Show
View Real Time Build Order
Export as new Build Order

Morosgoványi Zerg 

Build Orders: Hatch First, Muta Ling Bane 

Get SALT Encoding   

  12  0:01  Drone  
  13  0:13  Overlord  
  13  0:18  Drone  
  14  0:31  Drone x2  
  16  0:36  Drone  
  17  0:56  Hatchery  
  16  0:59  Drone  
  17  1:13  Spawning Pool  
  17  1:15  Drone  
  17  1:18  Extractor  
  17  1:21  Drone  
  18  1:25  Drone  
  18  1:30  Drone  
  19  1:42  Drone  
  20  1:51  Overlord  
  20  1:59  Queen  
  22  2:08  Drone, Queen  
  25  2:14  Drone  
  25  2:15  Drone  
  26  2:22  Drone x2  
  28  2:30  Zergling x2  
  28  2:31  Metabolic Boost  
  28  2:37  Drone  
  30  2:42  Drone  
  30  2:43  Queen  
  33  2:46  Drone  
  34  2:53  Drone  
  34  2:58  Overlord  
  35  3:06  Baneling Nest  
  35  3:10  Drone x2  
  36  3:17  Extractor  
  36  3:18  Drone  
  36  3:19  Drone x2  
  38  3:35  Drone x3  
  38  3:36  Drone x2  
  43  3:44  Drone  
  43  3:48  Lair, Overlord  
  44  3:49  Hatchery  
  43  4:01  Drone  
  43  4:02  Overlord  
  44  4:08  Roach Warren  
  44  4:09  Drone x4  
  47  4:10  Drone  
  47  4:30  Drone x4  
  51  4:38  Extractor  
  51  4:40  Extractor  
  51  4:44  Evolution Chamber  
  48  4:54  Drone  
  48  4:55  Drone x3  
  48  4:57  Zergling x10  
  57  5:05  Extractor  
  57  5:06  Extractor  
  55  5:09  Spire  
  55  5:11  Zerg Melee Weapons Level 1  
  54  5:15  Overlord x2  
  54  5:17  Zergling x6  
  54  5:18  Drone x4  
  61  5:33  Spore Crawler  
  61  5:34  Spine Crawler  
  57  5:41  Drone x4  
  57  5:42  Drone x3  
  63  5:43  Baneling x2  
  62  6:05  Drone x2  
  62  6:06  Drone  
  65  6:23  Zergling x2, Mutalisk  
  65  6:24  Mutalisk x7  
  81  6:37  Queen  
  81  6:38  Zergling x4  
  81  6:39  Zergling x2  
  81  6:44  Overlord x3  
  81  7:02  Mutalisk x2, Zerg Flyer Weapons Level 1  
  85  7:09  Mutalisk  
  85  7:10  Mutalisk x6  
  85  7:13  Overlord x2  
  99  7:16  Drone x3  
  98  7:33  Overseer  
  98  7:35  Mutalisk x3  
  100  7:38  Zergling x14  
  107  7:50  Zergling x2  
  107  7:51  Zergling x4  
  110  7:58  Zergling x14  
  117  8:11  Overlord x5  
  115  8:15  Baneling  
  115  8:16  Baneling x9  
  102  8:30  Zergling x16  
  110  8:34  Overseer x2  
  110  8:35  Overseer  
  110  8:38  Overlord  
  110  8:40  Baneling  
  110  8:41  Baneling x12  
  110  8:43  Zergling x2  
  110  8:47  Centrifical Hooks  
  111  8:51  Zerg Melee Weapons Level 2  
  103  9:17  Zergling x18  
  111  9:26  Drone x5  
  111  9:27  Drone x4  
  120  9:37  Hatchery  
  119  9:40  Burrow  
  119  9:44  Evolution Chamber  
  116  9:54  Drone  
  116  9:55  Drone x8  
  112  10:19  Zergling x16  
  111  10:26  Zergling x2  
  111  10:27  Zergling x10  
  117  10:33  Hatchery  
  114  10:41  Zergling x8  
  114  10:42  Zergling x2  
  119  10:51  Queen  
  104  11:12  Zergling x2  
  104  11:13  Zergling x32  
  104  11:17  Baneling x2  
  119  11:19  Queen  
  119  11:22  Extractor  
  119  11:23  Extractor  
  119  11:30  Zergling x2, Baneling x4  
  78  11:48  Zergling x2  
  78  11:49  Zergling x26  
  88  11:56  Zergling x2  
  88  11:57  Zergling x4  
  90  12:02  Hatchery, Zergling x2  
  90  12:03  Zergling x6  
  90  12:07  Baneling x2  
  90  12:08  Baneling x4  
  84  12:20  Zerg Ground Armor Level 1  
  79  12:26  Hatchery, Infestation Pit  
  65  12:30  Zergling x4  
  65  12:31  Zergling x26  
  65  12:33  Zergling x2  
  65  12:34  Zergling x6  
  80  12:39  Zergling x4  
  80  12:41  Glial Reconstitution  
  80  12:54  Zergling x2  
  80  12:55  Zergling x22  
  87  13:03  Zergling x2  
  87  13:04  Zergling x12  
  81  13:08  Overseer x4  
  81  13:11  Zergling x6  
  81  13:13  Corruptor  
  81  13:17  Baneling x3  
  81  13:30  Zergling x2  
  81  13:31  Zergling x18  
  81  13:33  Drone x11  
  86  13:41  Zergling x2  
  86  13:42  Zergling x2  
  88  13:52  Corruptor x2  
  92  14:02  Hive  
  92  14:08  Baneling x3  
  92  14:25  Corruptor x3  
  92  14:30  Baneling x2  
  92  14:31  Baneling  
  98  14:42  Zergling x14  
  105  15:01  Hatchery  
  105  15:03  Baneling x4, Extractor  
  105  15:06  Zergling x12  
  105  15:07  Zergling x4  
  111  15:08  Extractor  
  111  15:09  Extractor  
  101  15:23  Overlord x3  
  101  15:24  Overlord x2  
  91  15:37  Baneling  
  91  15:38  Baneling x5  
  91  15:39  Overlord x3, Baneling x2  
  88  16:00  Greater Spire  
  88  16:02  Zerg Melee Weapons Level 3  
  82  16:20  Zergling x6  
  82  16:21  Zergling x4  
  82  16:24  Zergling x2  
  82  16:25  Zergling x24  
  100  16:29  Drone  
  100  16:30  Drone  
  102  16:38  Overlord x2  
  102  16:39  Roach  
  108  16:40  Roach x5  
  114  16:50  Baneling x5  
  104  17:13  Corruptor x2  
  104  17:14  Corruptor x4  
  116  17:27  Spine Crawler  
  115  17:34  Baneling x3  
  115  17:37  Brood Lord x3  
  121  17:47  Zergling x10  
  121  17:48  Zergling x18  
  115  18:05  Brood Lord  
  115  18:11  Zergling x18  
  115  18:12  Zergling x8  
  88  18:26  Brood Lord x2  
  58  18:49  Zergling x2  
  58  18:50  Zergling x22  
Show
View Real Time Build Order
Export as new Build Order

Hindulaatti Terran - Winner!

Build Orders:  

Get SALT Encoding   

  12  0:01  SCV  
  13  0:13  SCV  
  14  0:18  Supply Depot  
  14  0:25  SCV  
  15  0:40  SCV  
  15  0:41  Barracks  
  16  0:48  Refinery  
  16  0:52  SCV  
  17  1:04  SCV  
  18  1:16  SCV  
  19  1:31  Reaper  
  21  1:35  Command Center  
  20  1:44  Orbital Command  
  20  1:52  Supply Depot  
  20  2:08  Barracks Reactor  
  20  2:11  SCV  
  21  2:25  Bunker  
  21  2:27  SCV  
  21  2:28  Factory, Refinery  
  22  2:41  SCV  
  23  2:47  Orbital Command  
  23  2:52  Supply Depot  
  23  2:53  Marine, SCV  
  23  2:54  Marine  
  26  3:05  SCV  
  27  3:11  Marine x2  
  29  3:13  SCV  
  29  3:17  SCV  
  29  3:19  Supply Depot  
  31  3:21  Factory Reactor  
  31  3:25  Starport  
  31  3:29  SCV  
  31  3:34  SCV  
  32  3:41  SCV  
  33  3:43  Supply Depot  
  33  3:46  SCV  
  34  3:53  SCV  
  35  3:55  Barracks  
  35  3:57  Marine x2  
  35  3:58  SCV, Barracks  
  38  4:03  Starport Reactor  
  38  4:05  Liberator  
  38  4:10  SCV  
  38  4:14  Supply Depot  
  39  4:22  Medivac  
  39  4:23  Factory Reactor  
  44  4:25  Marine x2  
  44  4:26  SCV x2  
  44  4:31  Refinery  
  48  4:33  Engineering Bay  
  48  4:37  Engineering Bay  
  48  4:39  Refinery  
  48  4:44  Marine x2  
  50  4:47  Barracks Tech Lab  
  50  4:48  Barracks Reactor  
  50  4:50  SCV  
  50  4:52  SCV  
  52  5:01  Medivac, Marine  
  52  5:02  SCV  
  52  5:04  SCV  
  57  5:09  Marine x2  
  57  5:13  Terran Infantry Armor Level 1, Terran Infantry Weapons Level 1  
  59  5:14  Widow Mine  
  59  5:18  Widow Mine  
  59  5:19  SCV  
  64  5:31  Stimpack  
  64  5:32  SCV x2  
  66  5:40  Marauder, Marine x4  
  72  5:48  Widow Mine x2  
  76  5:52  Medivac  
  78  6:02  Supply Depot  
  78  6:04  Supply Depot  
  78  6:23  Widow Mine x2, Marine x3, SCV  
  86  6:25  Armory  
  86  6:26  Marauder, Marine, SCV  
  86  6:30  Liberator  
  90  6:35  SCV  
  90  6:38  SCV  
  92  6:41  Marine x2  
  94  6:47  Marine  
  94  6:48  Medivac, Marauder, SCV, Supply Depot  
  94  6:50  Supply Depot, SCV  
  94  6:51  Widow Mine  
  106  6:59  Missile Turret  
  106  7:00  SCV  
  99  7:01  Missile Turret  
  99  7:02  SCV  
  99  7:06  Missile Turret  
  99  7:07  Marine  
  101  7:08  Missile Turret x2  
  101  7:10  Widow Mine  
  93  7:18  Liberator x2, Terran Infantry Weapons Level 2  
  98  7:42  SCV x2  
  98  7:43  Marauder, Marine  
  103  7:54  SCV  
  103  7:56  Marine  
  103  7:57  Marine x2  
  103  8:00  Marine  
  103  8:04  Marine  
  104  8:14  Marine x3  
  104  8:18  Marine  
  108  8:25  Marauder, SCV x2  
  108  8:26  Widow Mine x2  
  92  8:27  Medivac x2  
  92  8:32  Marine x3  
  93  8:36  Marine  
  93  8:39  Terran Infantry Armor Level 2  
  94  8:46  Marine  
  95  8:50  Marine x3  
  95  8:51  Command Center  
  95  8:54  Marine  
  99  8:57  Medivac  
  99  9:01  SCV x2  
  103  9:05  Marauder  
  103  9:06  Refinery  
  103  9:07  Marine  
  103  9:08  Marine  
  105  9:10  Liberator  
  99  9:20  Widow Mine x2  
  99  9:21  Medivac  
  99  9:22  Marine  
  109  9:34  Liberator  
  109  9:37  Marine x2  
  109  9:38  Marauder, Marine  
  114  9:39  Marine  
  114  9:41  Supply Depot  
  114  9:45  Supply Depot  
  117  9:55  Marine  
  117  9:59  Supply Depot  
  118  10:00  Supply Depot  
  118  10:02  Marine x4  
  118  10:03  SCV x2  
  100  10:22  Marine  
  100  10:23  Marine x4  
  102  10:40  Liberator x2, Marine  
  102  10:41  Marine x4  
  107  10:43  Orbital Command  
  107  10:55  Terran Infantry Weapons Level 3  
  107  10:58  Marine x4  
  116  11:15  Widow Mine x2  
  116  11:17  Marauder, Marine x4  
  124  11:35  Marine x4  
  124  11:38  Marine  
  126  11:40  Medivac x2  
  118  11:52  Widow Mine x2, Marine  
  118  11:53  Marine x3  
  119  12:04  Marine  
  119  12:06  Orbital Command  
  112  12:10  Marine x2  
  112  12:11  Marine x2  
  116  12:22  Marine  
  117  12:28  Marine x2  
  105  12:33  Marine x2  
  103  12:39  Widow Mine  
  103  12:40  Marine  
  106  12:46  Marine x2  
  106  12:51  Marine x2  
  109  12:58  Marine  
  111  13:04  Marine x2  
  101  13:09  Widow Mine x2, Marine x2  
  103  13:15  Marine  
  104  13:21  Marine  
  104  13:22  Marine  
  104  13:26  Medivac x2  
  107  13:31  Marine  
  107  13:32  Refinery, Marine  
  107  13:33  Marine  
  97  13:55  Marine, Terran Infantry Armor Level 3  
  97  13:56  Marine x3  
  97  13:57  Command Center  
  97  14:02  Barracks  
  101  14:06  Barracks  
  98  14:11  Missile Turret  
  98  14:19  Supply Depot  
  98  14:24  Missile Turret  
  98  14:27  Marauder, Marine x3  
  103  14:31  Combat Shields  
  103  14:35  Medivac, Command Center  
  103  14:36  Missile Turret  
  105  14:50  Terran Vehicle And Ship Armor Level 1  
  105  14:51  Marine x4  
  110  14:55  Barracks Reactor x2  
  109  15:04  Refinery  
  109  15:10  Marine  
  109  15:11  Marine x2  
  78  15:29  Marine  
  78  15:30  Marine x4  
  78  15:31  Marine  
  65  15:47  Marine  
  65  15:48  Marine x5  
  71  16:00  Liberator  
  68  16:04  Marine  
  68  16:05  Marine x3  
  68  16:10  Marauder, Marine  
  78  16:26  SCV x2  
  78  16:29  Orbital Command  
  80  16:36  Bunker  
  80  16:43  Marine  
  80  16:44  Marauder, Marine x5  
  88  16:57  Marine  
  88  16:58  Marine  
  88  17:00  Medivac  
  92  17:01  Marine  
  92  17:02  Marine x5  
  92  17:05  Marauder  
  100  17:08  Supply Depot  
  100  17:15  Marine  
  100  17:16  Supply Depot  
  101  17:24  Marine x7  
  101  17:26  Marine  
  109  17:33  Marine  
  110  17:41  Marine  
  110  17:42  Marine x6  
  110  17:43  Widow Mine x2  
  110  17:44  Medivac x2, Marine  
  123  17:51  Marine  
  127  17:59  Marine  
  127  18:00  Marine x6  
  127  18:02  Marine  
  131  18:09  Marine  
  131  18:11  Widow Mine x2  
  125  18:14  Medivac x2  
  125  18:17  Marine  
  118  18:20  Marauder  
  117  18:39  Marine x5  
  117  18:40  Marine x3  
  118  18:41  Marauder  
Tags
 
Add a new tag
Caveats
  • Supply blocks, unpowered buildings, or Contaminate may cause inaccurate times.
  • Supply counts are checked every 10 seconds.